AoeStats
← sebastian.carreno.p

Arabia

503249124Analyzed
1v1 RM · 2mo ago on Aug 30, 2026· 44m 59s· 2 players
Game mode
Random Map
Map size
Tiny (2 player)
Population
200
Speed
Normal
Resources
Standard
Victory
Conquest
Starting age
Dark Age
Ending age
Imperial Age
RankedLock teamsTeams togetherTeam positionsShared explorationLock speedFull tech treeHidden civsTurbo modeCheats
Victory
Defeat
🇳🇱 Franks · Netherlands
725
+14
vs
🇨🇱 Spanish · Chile
688
-14
sebastian.carreno.p
11:41 Feudal Age
20:20 Castle Age
18:37 Horse Collar
18:47 Double-Bit Axe
18:55 Stone Mining
20:09 Gold Mining
22:09 Stone Shaft Mining
23:40 Bow Saw
24:52 Pikeman
28:56 Fletching
32:55 Bodkin Arrow
38:07 Murder Holes
40:55 Squires
Lyingrelic
11:43 Loom
13:30 Feudal Age
19:29 Castle Age
17:56 Double-Bit Axe
18:40 Scale Barding Armor
18:49 Forging
20:58 Chain Barding Armor
20:30 Fletching
28:58 Bow Saw
29:11 Bodkin Arrow
30:51 Murder Holes
31:06 Masonry
30:55 Gold Mining
32:18 Iron Casting
32:08 Ballistics
39:29 Squires
38:49 Pikeman
40:28 Gold Shaft Mining
Connection lost

Rejoining the realm…

Still unreachable

The connection could not be restored.

Session expired

The server has moved on; the page needs a fresh start.